 Dungeon Crawl Stone Soup version 0.28.0-62-gf88900778d (webtiles) character file.

Game seed: 4338984435992459568

33441 mopl the Fighter (level 13, -12/119 HPs)
             Began as a Hill Orc Fighter on Dec 21, 2023.
             Was a High Priest of Okawaru.
             Mangled by a dire elephant simulacrum (44 damage)
             ... in an ice cave.
             The game lasted 00:34:46 (25135 turns).

mopl the Fighter (Hill Orc Fighter)                Turns: 25135, Time: 00:34:48

Health: -12/119    AC: 21    Str: 22    XL:     13   Next: 71%
Magic:  18/19      EV: 18    Int:  8    God:    Okawaru [*****.]
Gold:   700        SH:  0    Dex: 15    Spells: 12/12 levels left

rFire   + . .      SeeInvis .   a - +1 lajatang (elec)
rCold   . . .      Faith    .   (shield currently unavailable)
rNeg    + . .      Spirit   .   V - +0 acid dragon scales
rPois   +          Reflect  .   o - +2 hat
rElec   .          Harm     .   K - +0 cloak
rCorr   +          Rampage  .   g - +0 pair of gloves
Will    .....                   f - +0 pair of boots
Stlth   +++.......              h - amulet of the acrobat
HPRegen 0.29/turn               l - +4 ring of protection
MPRegen 0.16/turn               F - ring "Kueqoih" {rPois rF+ rN+ Dex+3}

@: heroic
A: no striking features
a: Renounce Religion, Heroism, Finesse, Duel


You were in an ice cave.
You worshipped Okawaru.
Okawaru was extremely pleased with you.
You visited 4 branches of the dungeon, and saw 18 of its levels.
You also visited: Sewer, Bailey and Ice Cave.

You collected 1393 gold pieces.
You spent 693 gold pieces at shops.

Inventory:

Hand Weapons
 a - a +1 lajatang of electrocution (weapon)
 b - a +0 arbalest of freezing
 c - the +9 dagger of Disorder {venom, Str+5 SInv}
   (You found it on level 4 of the Dungeon)

   It poisons the flesh of those it strikes.
   Str:       It affects your strength (+5).
   SInv:      It lets you see invisible.
 i - a +1 scimitar of flaming
 P - a +2 spear of venom
Missiles
 k - 28 poisoned darts (quivered)
 u - 180 bolts
 J - 10 curare-tipped darts
 Q - 2 atropa-tipped darts
 R - a throwing net
Armour
 f - a +0 pair of boots (worn)
 g - a +0 pair of gloves (worn)
 o - a +2 hat (worn)
 K - a +0 cloak (worn)
 V - +0 acid dragon scales (worn)
Jewellery
 h - an amulet of the acrobat (around neck)
 l - a +4 ring of protection (left hand)
 C - a ring of positive energy
 F - the ring "Kueqoih" (right hand) {rPois rF+ rN+ Dex+3}
   (You bought it in a shop on level 2 of the Dungeon)

   [ring of protection from fire]

   Dex:       It affects your dexterity (+3).
   rF:        It protects you from fire.
   rPois:     It protects you from poison.
   rN:        It protects you from negative energy.
 L - a ring of willpower
Wands
 G - a wand of paralysis (4)
 S - a wand of polymorph (14)
 U - a wand of iceblast (12)
 W - a wand of flame (10)
 Z - a wand of acid (3)
Scrolls
 j - 8 scrolls of teleportation
 p - 2 scrolls of magic mapping
 q - a scroll of torment {unknown}
 s - 3 scrolls of immolation {unknown}
 v - a scroll of fear {unknown}
 w - 3 scrolls of fog
 y - a scroll of noise {unknown}
 A - 3 scrolls of blinking {unknown}
 B - 2 scrolls of vulnerability {unknown}
 D - 3 scrolls of enchant armour {unknown}
 H - 5 scrolls of amnesia {unknown}
 I - 5 scrolls of acquirement {unknown}
 M - 5 scrolls of brand weapon {unknown}
 N - 2 scrolls of silence {unknown}
Potions
 d - 3 potions of might
 e - 11 potions of curing
 m - a potion of invisibility
 n - a potion of heal wounds
 r - a potion of flight
 t - 2 potions of lignification {!q}
 x - a potion of ambrosia
 z - 3 potions of haste
 E - 3 potions of cancellation
 T - 2 potions of magic
 X - a potion of brilliance
Miscellaneous
 O - a piece from Xom's chessboard (15/15)
 Y - a lightning rod (4/4)


   Skills:
 + Level 12.8(17.8) Fighting
 - Level 7.1(12.1) Axes
 * Level 6.7(11.7) Staves
 * Level 8.8(13.8) Crossbows
 + Level 11.8(16.8) Armour
 + Level 8.7(13.7) Dodging
 - Level 3.2(8.2) Shields
 - Level 8.0 Invocations
 + Level 3.8 Evocations


You had 12 spell levels left.
You didn't know any spells.
Your spell library contained the following spells:

 Spells                   Type           Power      Damage    Failure   Level
 Apportation              Tloc           0%         N/A       45%         1
 Pain                     Necr           0%         1d4       45%         1
 Corpse Rot               Necr/Air       0%         N/A       58%         2
 Poisonous Vapours        Pois/Air       0%         N/A       58%         2
 Static Discharge         Conj/Air       0%         N/A       58%         2
 Dispel Undead            Necr           0%         3d6       99%         4
 Olgreb's Toxic Radiance  Pois           0%         N/A       99%         4
 Sticky Flame             Conj/Fire      0%         2d3       99%         4
 Agony                    Necr           0%         N/A       100%        5
 Excruciating Wounds      Necr           0%         N/A       100%        5
 Ozocubu's Refrigeration  Ice            0%         4d5       100%        7
 Ignition                 Fire           0%         3d3       100%        8
 Animate Skeleton         Necr           Unusable   N/A       N/A         1
 Summon Small Mammal      Summ           Unusable   N/A       N/A         1

Dungeon Overview and Level Annotations

Branches:
Dungeon (12/15)            Temple (1/1) D:7            Lair (3/6) D:10
  Swamp (0/4) Lair:3        Snake (0/4) Lair:2          Orc (2/2) D:9
    Elf (0/3) Orc:2         Sewer (visited)          Bailey (visited)
  IceCv (1/1)

Altars:
Ashenzari
Dithmenos
Elyvilon
Fedhas
Hepliaklqana
Kikubaaqudgha
Makhleb
Nemelex Xobeh
Okawaru
Ru
Sif Muna
Trog
Vehumet
Wu Jian
Xom
Yredelemnul
Zin
The Shining One
Beogh

Shops:
D:2 =   D:9 (

Annotations:
D:5 fly, exclusion: door
Orc:2 1 runed translucent door + bb, exclusion: upstairs


Message History

The anaconda simulacrum is heavily damaged.
The anaconda simulacrum closely misses you.
The anaconda simulacrum constricts you.
The anaconda simulacrum bites you but does no damage.
The anaconda simulacrum constricts you.
You closely miss the anaconda simulacrum.
The anaconda simulacrum is heavily damaged.
The anaconda simulacrum bites you but does no damage.
The anaconda simulacrum constricts you.
You slash the anaconda simulacrum!
Lightning courses through the anaconda simulacrum!
The anaconda simulacrum vaporises!
Okawaru accepts your kill.
You slash the dire elephant simulacrum!
The dire elephant simulacrum is moderately damaged.
The dire elephant simulacrum barely misses you.
The dire elephant simulacrum closely misses you.
You slash the dire elephant simulacrum!
The dire elephant simulacrum is heavily damaged.
You hit the dire elephant simulacrum but do no damage.
The dire elephant simulacrum is heavily damaged.
The dire elephant simulacrum misses you.
The dire elephant simulacrum trunk-slaps you but does no damage.
You completely miss the dire elephant simulacrum.
The dire elephant simulacrum is heavily damaged.
The dire elephant simulacrum tramples you!
You stumble backwards!
You hit the dire elephant simulacrum but do no damage.
The dire elephant simulacrum is heavily damaged.
You slash the dire elephant simulacrum!
The dire elephant simulacrum is almost destroyed.
The dire elephant simulacrum tramples you.
You stumble backwards!
You hit the dire elephant simulacrum but do no damage.
The dire elephant simulacrum is almost destroyed.
The dire elephant simulacrum misses you.
The dire elephant simulacrum trunk-slaps you.
* * * LOW HITPOINT WARNING * * *
The dire elephant simulacrum freezes you!!!
You die...

######
##....###
#.....).###
##..###...##
##..###...##
##..###...##
#...###.@.###
### ##..#
##.Z..##
..### ###...#
##....#
....###....##
###..#
..........##
#...#
.......####
#.Z.##
......##
...###
.....## ..##
..#.## ...#


You could see a dire elephant simulacrum.

Vanquished Creatures
  5 hydras
  2 vault guards (Bailey)
  A boulder beetle (Lair:3)
  2 two-headed ogres
  Erica (D:8)
  3 orc knights
  A deep elf pyromancer (D:12)
  2 ugly things
  2 orc sorcerers
  A black mamba (Lair:1)
  2 gargoyles
  8 cane toads
  An unseen horror (D:10)
  Psyche (D:10)
  4 komodo dragons
  A freezing wraith (IceCv)
  An anaconda simulacrum (IceCv)
  3 ice devils (IceCv)
  A meliai (shapeshifter) (D:8)
  A polar bear (Lair:2)
  4 trolls
  Prince Ribbit (Bailey)
  A slime creature (D:12)
  The ghost of yokelz the Sneak, an amateur DsBr (D:3)
  A meliai zombie (D:11)
  4 blink frogs (Lair:1)
  A wraith (D:11)
  3 basilisks
  3 humans (Bailey)
  19 yaks
  A death yak simulacrum (IceCv)
  2 steam dragons
  Menkaure (D:7)
  3 wargs
  An acid dragon (D:11)
  8 water moccasins
  2 ice beasts
  19 orc warriors
  A sky beast (D:6)
  6 black bears
  3 ogres
  3 wolves (Lair:1)
  3 centaurs (D:5)
  5 kobold brigands
  29 bullfrogs
  3 gnoll sergeants
  A scorpion (D:10)
  2 wyvern zombies (D:7)
  3 elephant simulacra (IceCv)
  3 killer bees (D:9)
  3 wights (D:8)
  A howler monkey (D:8)
  4 centaur zombies
  5 hounds
  8 jellies
  Crazy Yiuf (D:2)
  20 orc priests
  Jessica (D:2)
  2 centaur skeletons
  An iguana (D:5)
  14 orc wizards
  A spriggan simulacrum (IceCv)
  A troll simulacrum (IceCv)
  3 polar bear simulacra (IceCv)
  2 wolf simulacra (IceCv)
  A hound skeleton (D:4)
  2 howler monkey zombies (D:9)
  15 gnolls
  A naga simulacrum (IceCv)
  11 adders
  A river rat (Sewer)
  3 white imps
  An adder skeleton (D:4)
  3 worms
  2 dart slugs
  79 orcs
  15 ball pythons
  26 endoplasms
  2 giant cockroaches
  4 goblins
  13 hobgoblins
  13 jackals
  11 quokkas
  3 training dummies (D:9)
  9 bats
  3 frilled lizards
  37 kobolds
  29 rats
531 creatures vanquished.

Vanquished Creatures (others)
  An orc (Orc:2)
  55 fungi
  46 plants
102 creatures vanquished.

Grand Total: 633 creatures vanquished

Notes
Turn   | Place    | Note
-------+----------+-------------------------------------------
     0 | D:1      | mopl the Hill Orc Fighter began the quest for the Orb.
     0 | D:1      | Reached XP level 1. HP: 19/19 MP: 1/1
    88 | D:1      | Reached XP level 2. HP: 27/27 MP: 2/2
    88 | D:1      | Found a faded altar of an unknown god.
    94 | D:1      | Reached skill level 3 in Axes
   194 | D:1      | Reached skill level 4 in Fighting
   240 | D:1      | Reached XP level 3. HP: 30/33 MP: 3/3
   323 | D:1      | Reached skill level 1 in Dodging
  1143 | D:2      | Reached XP level 4. HP: 41/41 MP: 4/4
  1171 | D:2      | Found Maqeev's Jewellery Shoppe.
  1177 | D:2      | Reached skill level 4 in Armour
  1378 | D:2      | Found a blossoming altar of Fedhas.
  1407 | D:2      | Found a runed translucent door.
  1408 | D:2      | Noticed Crazy Yiuf
  1624 | D:2      | Noticed Jessica
  1628 | D:2      | Killed Jessica
  2036 | D:3      | Found a runed translucent gate.
  2055 | D:3      | Identified the +1 ring mail of the Farrier {rPois rCorr}
  2229 | D:3      | Reached XP level 5. HP: 47/47 MP: 5/5
  2281 | D:3      | Identified the +0 ring mail of Plasticity {Rampage +Blink
                  | Will- Dex+7}
  2333 | D:3      | Noticed a black bear
  2345 | D:3      | Killed a black bear
  2346 | D:3      | Reached skill level 5 in Fighting
  2346 | D:3      | Reached skill level 2 in Dodging
  2626 | D:3      | Found a runed translucent gate.
  2628 | D:3      | Found a runed translucent gate.
  2728 | D:3      | Noticed a kobold brigand
  2728 | D:3      | Noticed yokelz's ghost (amateur DsBr)
  2854 | D:3      | Reached XP level 6. HP: 49/56 MP: 6/6
  3101 | D:4      | Reached skill level 4 in Axes
  3464 | D:4      | Reached skill level 5 in Armour
  3693 | D:4      | Identified the +9 dagger of Disorder {venom, Str+5 SInv}
  3829 | D:4      | Reached XP level 7. HP: 61/62 MP: 7/7
  3890 | D:4      | Reached skill level 3 in Dodging
  4063 | D:5      | Entered Level 5 of the Dungeon
  4076 | D:5      | Reached skill level 6 in Fighting
  4337 | D:5      | Reached skill level 5 in Axes
  4926 | D:5      | Reached skill level 6 in Armour
  4926 | D:5      | Reached XP level 8. HP: 42/71 MP: 8/8
  5083 | D:5      | Found a shimmering blue altar of Sif Muna.
  5260 | D:6      | Found a white marble altar of Elyvilon.
  5363 | D:6      | Reached skill level 7 in Fighting
  5363 | D:6      | Reached skill level 4 in Dodging
  5389 | D:6      | Found a glowing drain.
  5407 | Sewer    | Entered a sewer
  6102 | D:7      | Noticed Menkaure
  6108 | D:7      | Killed Menkaure
  6198 | D:7      | Reached skill level 7 in Armour
  6282 | D:7      | Reached skill level 6 in Axes
  6362 | D:7      | Reached skill level 8 in Fighting
  6362 | D:7      | Reached XP level 9. HP: 50/81 MP: 9/9
  6615 | D:7      | Reached skill level 5 in Dodging
  6618 | D:7      | Found a roughly hewn altar of Beogh.
  6630 | D:7      | HP: 3/82 [orc priest/divine providence (17)]
  6962 | D:7      | Noticed a komodo dragon
  6983 | D:7      | Killed a komodo dragon
  7201 | D:7      | Found a staircase to the Ecumenical Temple.
  7210 | Temple   | Entered the Ecumenical Temple
  7334 | Temple   | Became a worshipper of Warmaster Okawaru
  7433 | D:7      | Reached skill level 8 in Armour
  7433 | D:7      | Reached skill level 1 in Invocations
  8059 | D:2      | Killed Crazy Yiuf
  8271 | D:8      | Found a shadowy altar of Dithmenos.
  8357 | D:8      | Reached skill level 9 in Fighting
  8378 | D:8      | Noticed a two-headed ogre
  8475 | D:8      | Noticed a troll
  8486 | D:8      | Killed a troll
  8486 | D:8      | Reached * piety under Okawaru
  8487 | D:8      | Reached skill level 7 in Axes
  8487 | D:8      | Reached skill level 2 in Invocations
  8493 | D:8      | Found a glowing golden altar of the Shining One.
  8493 | D:8      | Found an ancient bone altar of Kikubaaqudgha.
  8587 | D:8      | Found a flagged portal.
  8607 | Bailey   | Entered a bailey
  8750 | Bailey   | Reached skill level 1 in Crossbows
  8750 | Bailey   | Reached XP level 10. HP: 85/91 MP: 11/11
  8766 | Bailey   | Reached skill level 6 in Dodging
  8807 | Bailey   | Reached ** piety under Okawaru
  8808 | Bailey   | Reached skill level 3 in Invocations
  8810 | Bailey   | Reached skill level 2 in Crossbows
  8816 | Bailey   | Reached skill level 9 in Armour
  9250 | Bailey   | Noticed a vault guard
  9250 | Bailey   | Noticed Prince Ribbit
  9275 | Bailey   | Killed a vault guard
  9276 | Bailey   | Reached skill level 10 in Fighting
  9662 | Bailey   | Killed Prince Ribbit
  9663 | Bailey   | Reached skill level 3 in Crossbows
  9718 | Bailey   | Noticed a vault guard
  9745 | Bailey   | Killed a vault guard
  9746 | Bailey   | Reached skill level 4 in Invocations
 10136 | D:8      | Noticed Erica
 10147 | D:8      | Killed Erica
 10147 | D:8      | Reached *** piety under Okawaru
 10148 | D:8      | Reached XP level 11. HP: 65/101 MP: 11/14
 10155 | D:8      | Killed a two-headed ogre
 10156 | D:8      | Reached skill level 4 in Crossbows
 10156 | D:8      | Reached skill level 7 in Dodging
 10261 | D:8      | Found a glowing silver altar of Zin.
 10270 | D:8      | Reached skill level 11 in Fighting
 10270 | D:8      | Reached skill level 10 in Armour
 10765 | D:9      | Reached skill level 5 in Invocations
 11521 | D:9      | Found Aror's Firing Range.
 11525 | D:9      | Found a staircase to the Orcish Mines.
 11592 | D:9      | Bought 4 curare-tipped darts for 40 gold pieces
 11618 | D:9      | Received a gift from Okawaru
 12421 | D:3      | Killed yokelz's ghost
 12422 | D:3      | Reached skill level 1 in Staves
 12619 | D:10     | Entered Level 10 of the Dungeon
 12796 | D:10     | Found an ornate altar of the Wu Jian Council.
 12852 | D:9      | Reached **** piety under Okawaru
 12875 | Orc:1    | Entered Level 1 of the Orcish Mines
 13290 | Orc:1    | Reached skill level 5 in Crossbows
 13399 | Orc:1    | Noticed an orc knight
 13736 | D:9      | Killed an orc knight
 13736 | D:9      | Received a gift from Okawaru
 14275 | Orc:2    | Entered Level 2 of the Orcish Mines
 14275 | Orc:2    | Noticed an orc sorcerer
 14278 | Orc:2    | Noticed a soul eater
 14324 | Orc:2    | Noticed an orc knight
 14412 | Orc:1    | Killed an orc sorcerer
 14413 | Orc:1    | Reached skill level 2 in Staves
 14413 | Orc:1    | Reached skill level 6 in Invocations
 14467 | Orc:1    | Killed an orc knight
 14467 | Orc:1    | Received a gift from Okawaru
 15026 | Orc:2    | Received a gift from Okawaru
 15788 | Orc:2    | Found a staircase to the Elven Halls.
 16105 | Orc:1    | Reached skill level 6 in Crossbows
 16443 | Orc:1    | Noticed an ettin
 16563 | Orc:2    | Reached XP level 12. HP: 108/108 MP: 16/16
 16687 | Orc:2    | Found a runed translucent door.
 16826 | D:9      | Received a gift from Okawaru
 17222 | D:10     | Noticed Psyche
 17228 | D:10     | Killed Psyche
 17229 | D:10     | Reached skill level 3 in Staves
 17929 | D:10     | Reached skill level 7 in Invocations
 18051 | D:10     | Found a staircase to the Lair.
 18102 | D:10     | Received a gift from Okawaru
 18845 | D:11     | Noticed an eight-headed hydra
 18863 | D:11     | Killed a one-headed hydra
 18864 | D:11     | Reached skill level 12 in Fighting
 18864 | D:11     | Reached skill level 4 in Staves
 18864 | D:11     | Reached skill level 11 in Armour
 19155 | D:11     | Reached skill level 7 in Crossbows
 19155 | D:11     | Reached skill level 8 in Dodging
 19188 | D:11     | Noticed a two-headed ogre
 19199 | D:11     | Killed a two-headed ogre
 19645 | D:2      | Bought the ring "Kueqoih" {rPois rF+ rN+ Dex+3} for 653
                  | gold pieces
 19944 | D:12     | Reached skill level 1 in Evocations
 20160 | D:12     | Noticed a six-headed hydra
 20172 | D:12     | Killed a one-headed hydra
 20406 | D:12     | Reached skill level 5 in Staves
 20441 | D:12     | Reached ***** piety under Okawaru
 21040 | D:12     | Reached skill level 2 in Evocations
 21087 | D:12     | Reached skill level 8 in Invocations
 21255 | Lair:1   | Entered Level 1 of the Lair of Beasts
 21264 | Lair:1   | Reached XP level 13. HP: 90/118 MP: 17/19
 21909 | Lair:1   | Reached skill level 8 in Crossbows
 22365 | Lair:2   | Reached skill level 3 in Evocations
 22633 | Lair:2   | Reached skill level 6 in Staves
 23527 | Lair:2   | Found a staircase to the Snake Pit.
 24518 | Lair:3   | Found a staircase to the Swamp.
 24518 | Lair:3   | Found a frozen archway.
 24567 | IceCv    | Entered an ice cave
 24893 | IceCv    | Received a gift from Okawaru
 25135 | IceCv    | Mangled by a dire elephant simulacrum

Illustrated notes

Levels and vault maps discovered:
D:1:      dpeg_arrival_shrine, layout_basic, basic_ecumenical_altar,
          st_stairs_8, kennysheep_pointless_box, grunt_decor_junction
D:2:      layout_basic, serial_shops, shop, basic_altar, uniq_jessica,
          uniq_crazy_yiuf_cottage
D:3:      layout_loops_corners, gammafunk_ghost_nasty_kobolds
D:4:      layout_rooms, hex_tiny, minmay_misc_feat_encased,
          minmay_misc_feat_ornament, minmay_circle_x
D:5:      layout_loops_cross, led_sif_book
D:6:      layout_cave_pools, lemuel_crystal_altar, portal_sewer_entry_f
D:7:      layout_basic, minmay_temple_entry_statues_fountains,
          david_defended_altar_orc, uniq_menkaure
D:8:      layout_gridville, nicolae_dithmenos_the_darkroom,
          mainiacjoe_overflow_boulevard, gammafunk_temple_overflow_elements,
          enter_bailey_2, nicolae_figureground_pulse, uniq_erica
D:9:      layout_basic, orc_0_dummy, grunt_ministairs_6,
          nicolae_shop_firing_range
D:10:     layout_gridville, pdpol_wu_jian_five_deadly_venoms,
          due_lair_maze_entry_diamond, uniq_psyche
D:11:     layout_basic
D:12:     lemuel_slime, layout_basic, special_room [special_room_orc]
Temple:   regret_index_temple_generic_petals
Lair:1:   layout_cave_shapes, grunt_megastairs_3
Lair:2:   layout_gridlike, dummy_snake_entry, grunt_megastairs_4
Lair:3:   layout_cave_pods, swamp_mist_pool, portal_ice_cave_entry_pillars_2,
          serial_bayou_ford_a
Orc:1:    layout_diamond_mine, roderic_batcave
Orc:2:    st_orc_congregation, layout_diamond_mine, serial_shops, shop,
          lightli_church_of_beogh
IceCv:    ice_cave_small_necro

Skill      XL: |  1  2  3  4  5  6  7  8  9 10 11 12 13 |
---------------+----------------------------------------+-----
Axes           | 3 4 5 6 7 |  7.1
Fighting       | 4 5 6 8 9 10 11 12 | 12.8
Dodging        | 1 2 3 4 5 6 7 8 |  8.7
Armour         | 4 5 6 7 8 9 10 11 | 11.8
Invocations    | 2 4 6 8 |  8.0
Crossbows      | 1 3 6 7 8 |  8.8
Staves         | 2 5 6 |  6.7
Evocations     | 2 3 |  3.8
Shields        | |  3.2

Action                   |  1- 3 |  4- 6 |  7- 9 | 10-12 | 13-15 || total
-------------------------+-------+-------+-------+-------+-------++-------
Melee: War axe           |   108 |   190 |       |       |       ||   298
       Dagger            |       |     9 |   387 |   663 |       ||  1059
       Hand axe          |       |       |       |    40 |       ||    40
       Lajatang          |       |       |       |   184 |   296 ||   480
       Punch             |       |       |       |    15 |     2 ||    17
       Scimitar          |       |       |       |    31 |    28 ||    59
 Fire: Hand crossbow     |       |       |       |    12 |     4 ||    16
Throw: Dart              |       |       |       |    36 |     7 ||    43
Invok: Heroism           |       |       |       |    25 |     9 ||    34
Evoke: Wand              |       |       |     4 |     5 |       ||     9
  Use: Scroll            |       |       |     3 |    11 |     2 ||    16
       Potion            |       |       |     1 |     5 |       ||     6
 Stab: Invisible         |       |       |       |     3 |       ||     3
Armor: Scale mail        |    59 |    26 |       |       |       ||    85
       Ring mail         |       |    76 |   182 |   386 |       ||   644
       Acid dragon scale |       |       |       |    54 |   194 ||   248
Dodge: Dodged            |    60 |   121 |   237 |   746 |   285 ||  1449
Block: Buckler           |    26 |    48 |    70 |    30 |       ||   174
